 Dungeon Crawl Stone Soup version 0.26-a0-712-ga5a9c9c9d0 (webtiles) character file.

Game seed: 4718205823300844789

12248 tilp the Covert (level 11, -3/56 HPs)
             Began as a Spriggan Enchanter on Nov 8, 2020.
             Was a High Priest of Dithmenos.
             Slain by a meliai
             ... wielding a +0 hand axe
              (14 damage)
             ... on level 12 of the Dungeon.
             The game lasted 00:34:11 (15999 turns).

tilp the Covert (Spriggan Enchanter)               Turns: 15999, Time: 00:34:12

Health: -3/56      AC:  5    Str:  4    XL:     11   Next: 60%
Magic:  14/21      EV: 26    Int: 20    God:    Dithmenos [*****.]
Gold:   528        SH:  0    Dex: 17    Spells: 10/22 levels left

rFire    + . .     SeeInvis +   a - +3 dagger (freeze)
rCold    . . .     Faith    .   (shield restricted)
rNeg     . . .     Spirit   .   D - +0 robe
rPois    +         Reflect  .   (helmet restricted)
rElec    .         Harm     .   t - +2 cloak
rCorr    .         Rampage  .   (gloves unavailable)
MR       +....                  (boots unavailable)
Stlth    +++++++++.             u - amulet of regeneration
HPRegen  0.58/turn              v - ring of protection from fire
MPRegen  0.17/turn              l - ring of poison resistance

@: wreathed by umbra, very quick
A: very small, unfitting armour, see invisible, speed 3
a: Shadow Step, Shadow Form, Renounce Religion


You were on level 12 of the Dungeon.
You worshipped Dithmenos.
Dithmenos was extremely pleased with you.
You visited 1 branch of the dungeon, and saw 12 of its levels.
You also visited: Sewer and Bailey.

You collected 528 gold pieces.

Inventory:

Hand Weapons
 a - a +3 dagger of freezing (weapon)
 b - the +9 hand axe "Pihang" {freeze, rF+ rN++ Str+4}
   (You found it on level 5 of the Dungeon)

   It has been specially enchanted to freeze those struck by it, causing extra
   injury to most foes and up to half again as much damage against particularly
   susceptible opponents.
   It can also slow down cold-blooded creatures.
   It affects your strength (+4).
   It protects you from fire.
   It greatly protects you from negative energy.
 i - a +3 scimitar
 x - a +0 dagger of electrocution
Missiles
 o - 27 poisoned darts
 q - 4 atropa-tipped darts (quivered)
 B - 9 throwing nets {!f}
Armour
 t - a +2 cloak (worn)
 D - a +0 robe (worn)
Jewellery
 f - an uncursed ring of resist corrosion
 l - a ring of poison resistance (right hand)
 u - an amulet of regeneration (around neck)
 v - a ring of protection from fire (left hand)
 w - an uncursed amulet of faith
 F - an uncursed ring of positive energy
 I - a +4 ring of evasion
Wands
 r - a wand of acid (18)
 s - a wand of polymorph (8)
 y - a wand of digging (6)
Scrolls
 c - 5 scrolls of fog
 e - 6 scrolls of teleportation
 h - 4 scrolls of remove curse
 p - 2 scrolls of amnesia
 H - 2 scrolls of magic mapping
Potions
 d - 2 potions of berserk rage
 j - 2 potions of heal wounds
 k - 4 potions of lignification
 m - 8 potions of curing
 n - 2 potions of mutation
 z - a potion of magic
 A - 2 potions of brilliance
 C - 5 potions of ambrosia
 E - a potion of flight {unknown}


   Skills:
 - Level 6.0 Fighting
 + Level 9.3 Short Blades
 + Level 4.2 Throwing
 + Level 10.0 Dodging
 + Level 13.4 Stealth
 - Level 6.0 Spellcasting
 - Level 2.0 Conjurations
 + Level 6.3 Hexes
 - Level 4.0 Invocations
 - Level 6.0 Evocations


You had 10 spell levels left.
You knew the following spells:

 Your Spells              Type           Power        Failure   Level
a - Corona                Hex            ####...      1%          1
b - Ensorcelled Hibernat  Hex/Ice        ###...       4%          2
c - Confusing Touch       Hex            ####....     2%          3
d - Tukima's Dance        Hex            ####....     2%          3
e - Dazzling Flash        Conj/Hex       ###...       5%          3

Your spell library contained the following spells:

 Spells                   Type           Power        Failure   Level
 Summon Guardian Golem    Hex/Summ       ###.....     9%          3
 Sting                    Tmut/Pois      #...         11%         1
 Summon Small Mammal      Summ           #...         11%         1
 Call Imp                 Summ           #.......     16%         2
 Poisonous Vapours        Pois/Air       #.....       16%         2
 Mephitic Cloud           Conj/Pois/Air  #.......     24%         3
 Call Canine Familiar     Summ           #.......     30%         3
 Gell's Gravitas          Tloc           #.........   30%         3
 Ignite Poison            Fire/Tmut/Pois #.......     30%         3
 Metabolic Englaciation   Hex/Ice        ###.......   61%         5
 Yara's Violent Unravell  Hex/Tmut       ###.......   61%         5
 Olgreb's Toxic Radiance  Pois           #.......     71%         4
 Petrify                  Tmut/Erth      #.......     71%         4
 Summon Ice Beast         Ice/Summ       #.......     71%         4
 Summon Lightning Spire   Summ/Air       #.......     71%         4


Dungeon Overview and Level Annotations

Branches:
Dungeon (12/15)            Temple (0/1) D:5            Lair (0/6) D:9
    Orc (0/2) D:10          Sewer (visited)          Bailey (visited)

Altars:
Cheibriados
Dithmenos
Elyvilon
Fedhas
Gozag
Kikubaaqudgha
Nemelex Xobeh
Okawaru
Qazlal
Ru
Sif Muna
Trog
Vehumet
Zin

Shops:
D:5 (   D:6 =   D:8 (   D:9 (

Annotations:
D:3 3 runed translucent doors, Bliebski's ghost, amateur OpTm
D:8 2 runed translucent doors, exclusion: orange crystal statue


Innate Abilities, Weirdness & Mutations

You are very small and have problems with some larger weapons.
You are too small for most types of armour.
You have supernaturally acute eyesight. (SInv)
You cover ground extremely quickly.


Message History

Casting: Confusing Touch (dangerous; 2% risk of failure)
Confirm with . or Enter, or press ? or * to list all spells.
Aiming: Ensorcelled Hibernation (safe; 4% risk of failure)
Press: ? - help, Shift-Dir - straight line, f/p - slime creature
Aim: a slime creature (chance to confuse on hit: 42%, umbra, chance to defeat MR: 31%)
The meliai resists with some effort.
The meliai calls down the wrath of its god upon you.
Something smites you!
* * * LOW HITPOINT WARNING * * *
Casting: Ensorcelled Hibernation (safe; 4% risk of failure)
Confirm with . or Enter, or press ? or * to list all spells.
Aiming: Ensorcelled Hibernation (safe; 4% risk of failure)
Press: ? - help, Shift-Dir - straight line, f/p - slime creature
Aim: a slime creature (chance to confuse on hit: 42%, umbra, chance to defeat MR: 31%)
The meliai looks drowsy...
The helpless meliai fails to defend itself.
You hit the meliai but do no damage.
The meliai appears confused.
Your shadow hits the meliai with a dagger.
The meliai hits you with a +0 hand axe!
You die...

#####.# #........(# # ....#.#
#...†.....# # ###.#.####
#.......†.# # #[..J..###
#...†..†..# #
###.##JJ.###...†...†.# #
##.####...J.†.†.....# # #..#
#####J......†.# # #[##
##y######## # ##)# #.@#### # #..#
##.†..# ##### ###'######
#####'#### #.... #.y......#
#...÷....# #.... #(.......####
#.(......######.>..
'...(....'..###........##........
#..()).(.##..)'........'..###....
#...)(...######........#### #....
########## #........# #####


You could see 2 slime creatures and a meliai (confused).

Vanquished Creatures
  A boulder beetle (D:11)
  A hydra (D:11)
  An unseen horror (D:10)
  A necromancer (D:9)
  A manticore (D:12)
  2 slime creatures (D:11)
  A deep elf mage (D:12)
  An ugly thing (D:11)
  A black mamba (D:11)
  A centaur zombie (D:11)
  2 trolls
  A hornet (D:12)
  2 shadows
  A steam dragon (D:10)
  A soldier ant (D:11)
  An acid dragon (D:12)
  3 orc warriors
  An ice beast (D:6)
  A black bear (D:9)
  2 sky beasts
  3 centaurs
  6 ogres
  5 bullfrogs
  2 big kobolds
  8 gnoll sergeants (Bailey)
  A wyvern skeleton (D:8)
  5 scorpions
  16 killer bees (D:12)
  7 wights
  3 howler monkeys
  A quasit (D:7)
  A bullfrog skeleton (D:11)
  3 centaur skeletons
  5 jellies
  Crazy Yiuf (D:4)
  6 gnoll shamans (Bailey)
  6 hounds
  5 orc priests
  An iguana (D:4)
  11 orc wizards
  6 worker ants
  A wolf simulacrum (D:9)
  2 yak simulacra (D:9)
  2 polar bear simulacra (D:9)
  A killer bee zombie (D:3)
  A hound zombie (D:6)
  A howler monkey skeleton (D:11)
  A worker ant zombie (D:10)
  30 gnolls
  6 river rats (Sewer)
  15 adders
  A shadow imp (D:7)
  3 white imps
  2 ufetubi
  3 oozes
  An adder skeleton (D:4)
  2 worms (D:2)
  A dart slug (D:4)
  6 leopard geckos
  30 orcs
  3 ball pythons
  6 giant cockroaches
  8 goblins
  10 hobgoblins
  10 jackals
  19 kobolds
  3 quokkas
  6 bats
  13 frilled lizards
  A jackal skeleton (D:6)
  A leopard gecko skeleton (D:4)
  22 rats
  6 river rat simulacra (D:9)
345 creatures vanquished.

Vanquished Creatures (others)
  A queen bee (D:12)
  10 fungi (D:3)
  A plant (D:3)
12 creatures vanquished.

Grand Total: 357 creatures vanquished

Notes
Turn   | Place    | Note
-------+----------+-------------------------------------------
     0 | D:1      | tilp the Spriggan Enchanter began the quest for the Orb.
     0 | D:1      | Reached XP level 1. HP: 9/9 MP: 5/5
   271 | D:1      | Reached XP level 2. HP: 11/13 MP: 3/6
   276 | D:1      | Reached skill level 5 in Stealth
   281 | D:1      | Learned a level 2 spell: Ensorcelled Hibernation
  1720 | D:2      | Reached XP level 3. HP: 16/16 MP: 8/8
  1725 | D:2      | Learned a level 3 spell: Confusing Touch
  1874 | D:2      | Reached skill level 6 in Stealth
  2205 | D:2      | Found a bloodstained altar of Trog.
  2247 | D:2      | Reached XP level 4. HP: 21/21 MP: 9/9
  2258 | D:2      | Found an ancient bone altar of Kikubaaqudgha.
  2566 | D:2      | Found a glowing silver altar of Zin.
  3462 | D:3      | Reached skill level 7 in Stealth
  3464 | D:3      | Reached XP level 5. HP: 17/24 MP: 7/10
  3804 | D:3      | Found a runed translucent gate.
  3896 | D:3      | Reached skill level 8 in Stealth
  4168 | D:3      | Reached XP level 6. HP: 28/28 MP: 3/11
  4230 | D:3      | Reached skill level 5 in Short Blades
  4550 | D:3      | Found a runed translucent gate.
  4550 | D:3      | Found a runed translucent gate.
  4718 | D:3      | Found a blossoming altar of Fedhas.
  4856 | D:3      | Noticed Bliebski's ghost (amateur OpTm)
  4939 | D:3      | Learned a level 3 spell: Tukima's Dance
  4943 | D:3      | Learned a level 3 spell: Dazzling Flash
  5015 | D:4      | Found an iron altar of Okawaru.
  5034 | D:4      | Found a sacrificial altar of Ru.
  5256 | D:4      | Found a shadowy altar of Dithmenos.
  5288 | D:4      | Found a runed translucent door.
  5289 | D:4      | Noticed Crazy Yiuf
  5301 | D:4      | Killed Crazy Yiuf
  5340 | D:4      | Became a worshipper of Dithmenos the Shadowed
  5400 | D:4      | Reached skill level 1 in Fighting
  6142 | D:4      | Reached XP level 7. HP: 25/33 MP: 7/14
  6245 | D:5      | Entered Level 5 of the Dungeon
  6332 | D:5      | Found a sparkling altar of Nemelex Xobeh.
  6415 | D:5      | Reached skill level 5 in Dodging
  6688 | D:5      | Found a staircase to the Ecumenical Temple.
  6849 | D:5      | Got a jewelled hand axe
  6915 | D:5      | Found a stormy altar of Qazlal.
  6967 | D:5      | Found Laulocery's Weapon Boutique.
  7120 | D:6      | Reached skill level 1 in Evocations
  7122 | D:6      | Reached skill level 1 in Invocations
  7176 | D:6      | Reached XP level 8. HP: 40/40 MP: 7/15
  7182 | D:6      | Reached * piety under Dithmenos
  7184 | D:6      | Found a glowing drain.
  7292 | Sewer    | Entered a sewer
  7818 | D:6      | Reached ** piety under Dithmenos
  8008 | D:6      | Found Taqog's Jewellery Emporium.
  8137 | D:6      | Found a shimmering blue altar of Sif Muna.
  8339 | D:7      | Reached skill level 5 in Evocations
  8445 | D:7      | Found a flagged portal.
  8527 | Bailey   | Entered a bailey
  8725 | Bailey   | Reached XP level 9. HP: 44/44 MP: 14/17
  8728 | Bailey   | Reached skill level 5 in Spellcasting
  9564 | Bailey   | Reached *** piety under Dithmenos
 10035 | Bailey   | Identified the +0 leather armour "Ruduuf" {rPois MR+ Int+7
                  | Stlth-}
 10060 | Bailey   | Reached skill level 5 in Fighting
 11254 | D:7      | Found an opulent altar of Gozag.
 11588 | D:7      | Identified the +9 hand axe "Pihang" {freeze, rF+ rN++
                  | Str+4} (You found it on level 5 of the Dungeon)
 11599 | D:8      | Found the +10 tower shield of Ignorance {rN+ Int-4}
 11625 | D:8      | Found a runed translucent door.
 11632 | D:8      | Noticed an orange crystal statue
 11765 | D:8      | Reached skill level 9 in Stealth
 11865 | D:8      | Found a white marble altar of Elyvilon.
 11944 | D:8      | Found a runed translucent door.
 12000 | D:8      | Found Gippuceg's Antique Weapon Shop.
 12314 | D:9      | Noticed a necromancer
 12384 | D:9      | Killed a necromancer
 12384 | D:9      | Reached skill level 10 in Stealth
 12384 | D:9      | Reached XP level 10. HP: 53/53 MP: 16/20
 12541 | D:9      | Found a snail-covered altar of Cheibriados.
 12559 | D:9      | Found Ycesos's Weapon Shop.
 12604 | D:9      | Found a staircase to the Lair.
 13236 | D:10     | Entered Level 10 of the Dungeon
 13245 | D:10     | Reached **** piety under Dithmenos
 13349 | D:10     | Noticed an unseen horror
 13354 | D:10     | Killed an unseen horror
 13354 | D:10     | Reached skill level 11 in Stealth
 13645 | D:10     | Found a staircase to the Orcish Mines.
 14040 | D:11     | Noticed an eight-headed hydra
 14045 | D:11     | Killed an eight-headed hydra
 14045 | D:11     | Reached skill level 12 in Stealth
 14045 | D:11     | Reached skill level 1 in Throwing
 14045 | D:11     | Reached skill level 1 in Conjurations
 14125 | D:11     | Noticed a white ugly thing
 14159 | D:11     | Killed a white ugly thing
 14258 | D:11     | Noticed a boulder beetle
 14324 | D:11     | Killed a boulder beetle
 14324 | D:11     | Reached XP level 11. HP: 56/56 MP: 6/21
 14616 | D:11     | Reached skill level 5 in Hexes
 14920 | D:11     | Found a radiant altar of Vehumet.
 15158 | D:12     | Reached skill level 13 in Stealth
 15232 | D:12     | Noticed a deep elf mage
 15265 | D:12     | Killed a deep elf mage
 15506 | D:12     | Reached ***** piety under Dithmenos
 15764 | D:12     | Reached skill level 10 in Dodging
 15999 | D:12     | Slain by a meliai

Illustrated notes

Levels and vault maps discovered:
D:1:      minmay_arrival_stone_box, layout_loops_ring
D:2:      layout_loops_ring, zin_statuary, lemuel_doored_altar,
          nicolae_overflow_hidden_temple
D:3:      layout_loops_ring, fedhas_altar_3, gammafunk_ghost_icy
D:4:      cheibrodos_helix_gallery, layout_gridville, overflow_temple_1_default,
          grunt_dithmenos_smoke, kennysheep_mini_moat, minivault_11,
          uniq_crazy_yiuf_cottage
D:5:      layout_basic, nicolae_qazlal_eye_of_the_storm, lemuel_round_altar,
          minmay_temple_entry_ruins, serial_shops, nicolae_shop_behind_doors,
          serial_glass, glass_columns_a, glass_columns_c, glass_columns_a,
          glass_columns_c, glass_columns_c, glass_columns_a,
          minmay_strange_pillars
D:6:      kennysheep_orc_sif_temple, layout_rooms, gup_sewer_entry_glass,
          serial_shops, shop
D:7:      layout_layer_cave, lemuel_round_altar, enter_bailey_7
D:8:      layout_loops_ring, elyvilon_altar_5, serial_shops, shop, hex_large,
          chequers_guarded_unrand_ignorance
D:9:      layout_irregular_city, kennysheep_mini, dpeg_oklobed_lair,
          serial_shops, shop, eino_house_with_fridge
D:10:     layout_irregular_city, orc_0_dummy
D:11:     layout_rooms, basic_altar
D:12:     layout_roguey [special_room_bee]

Skill      XL: |  1  2  3  4  5  6  7  8  9 10 11 |
---------------+----------------------------------+-----
Stealth        | 5 6 7 8 10 12 13 | 13.4
Short Blades   | 2 3 4 5 6 8 9 |  9.3
Spellcasting   | 4 6 |  6.0
Fighting       | 1 3 6 |  6.0
Dodging        | 4 6 8 9 10 | 10.0
Evocations     | 2 6 |  6.0
Invocations    | 1 4 |  4.0
Throwing       | 2 4 |  4.2
Conjurations   | 1 2 |  2.0
Hexes          | 4 6 |  6.3

Action                   |  1- 3 |  4- 6 |  7- 9 | 10-12 || total
-------------------------+-------+-------+-------+-------++-------
Melee: Dagger            |    98 |   221 |   509 |   322 ||  1150
       Hand axe          |       |       |     2 |     4 ||     6
Throw: Dart              |       |     2 |     3 |       ||     5
 Cast: Corona            |     9 |       |       |     1 ||    10
       Ensorcelled Hiber |    25 |    56 |   117 |    61 ||   259
       Confusing Touch   |       |     2 |    21 |    20 ||    43
       Dazzling Flash    |       |       |    10 |     5 ||    15
Invok: Shadow Step       |       |       |       |     1 ||     1
Evoke: Wand              |       |       |     3 |     1 ||     4
  Use: Scroll            |     1 |     4 |    20 |    10 ||    35
       Potion            |       |       |     2 |     1 ||     3
 Stab: Sleeping          |    18 |    45 |    76 |    59 ||   198
       Distracted        |     1 |       |       |     1 ||     2
       Confused          |       |     2 |    20 |    24 ||    46
       Invisible         |       |       |     9 |    10 ||    19
Armor: Robe              |     8 |    20 |    15 |    14 ||    57
Dodge: Dodged            |    78 |   159 |   470 |   208 ||   915

Table legend: (Time is in decaauts)
 A = Elapsed time spent in this place.
 B = Non-inter-level travel time spent in this place.
 C = Inter-level travel time spent in this place.
 D = Time resting spent in this place.
 E = Time spent auto-exploring this place.
 F = Levels seen in this place.
 G = Mean time per level.
                   A        B        C        D        E       F      G
               +--------+--------+--------+--------+--------+-----+--------+
         Total |  12400 |  12130 |    270 |   4197 |   4789 |  14 |  885.7 |
       Dungeon |  10580 |  10310 |    270 |   3545 |   4570 |  12 |  881.7 |
         Sewer |    324 |    324 |      0 |     46 |    130 |   1 |  324.0 |
        Bailey |   1495 |   1495 |      0 |    606 |     88 |   1 | 1495.0 |
               +--------+--------+--------+--------+--------+-----+--------+

Top non-repeatable levels by time:
     D:1: 1566 daAuts
  Bailey: 1495 daAuts
     D:3: 1247 daAuts
     D:2: 1244 daAuts
     D:4: 1021 daAuts
     D:7: 987 daAuts
    D:11: 897 daAuts
     D:6: 699 daAuts
     D:9: 685 daAuts
    D:10: 639 daAuts
     D:5: 621 daAuts
    D:12: 523 daAuts
     D:8: 447 daAuts
   Sewer: 324 daAuts
